Coyotes vs Sabres (R1)

Created - 6 novembre 2012 at 22:37

Simulating a Pre-Season

Goals
1 2 3 T
Coyotes 0 1 0 1
Sabres 0 2 3 5
Shots
1 2 3 T
Coyotes 11 8 10 29
Sabres 11 9 15 35

1st period

No Goal

Penalties :
Marian Gaborik (Pho) for Slashing (Minor) at 5:45

2nd period

1. Coyotes , Craig Adams 1 (Christian Ehrhoff, Sergei Samsonov) at 11:19
2. Sabres , Brendan Morrison 2 (Andreas Johansson) at 17:56
3. Sabres , Martin Sonnenberg 4 (Greg Campbell, Mattias Timander) at 19:29

Penalties :
Boyd Devereaux (Buf) for Hooking (Minor) at 4:52, Jay Bouwmeester (Pho) for Tripping (Minor) at 11:46, Mattias Timander (Buf) for Hooking (Minor) at 19:44

3rd period

4. Sabres , Andreas Johansson 4 (Michal Rozsival, Niclas Bergfors) at 2:12
5. Sabres , Mats Sundin 1 (Dave Tanabe, Drew Fata) at 17:35
6. Sabres , Markus Naslund 6 (Pavol Demitra, Ole-Kristian Tollefsen) at 19:02

Penalties :
Markus Naslund (Buf) for Roughing (Minor) at 11:25, Pavol Demitra (Buf) for Hooking (Minor) at 16:34, Jamal Mayers (Pho) for Hooking (Minor) at 16:34, Andreas Johansson (Buf) for Fighting (Major) at 19:03, Brenden Morrow (Pho) for Fighting (Major) at 19:03

Goalie Stats

Jean-Sébastien Giguère (Pho), 30 saves from 35 shots - (0,857), L, 3-1-0, 60:00 minutes
Scott Clemmensen (Buf), 28 saves from 29 shots - (0,966), W, 1-2-0, 60:00 minutes

Players Stats for Coyotes

Player Name              G  A  P  +/- PIM S  H  SB GA TA FO     MP     PP MP  PK MP  
------------------------------------------------------------------------------------
Brenden Morrow           0  0  0  -2  5   1  0  1  1  1  1/1    21:10   3:36   0:36 
Chad Larose              0  0  0  -1  0   0  2  0  0  0  5/8    11:05   0:00   2:07 
Christian Ehrhoff        0  1  1  -2  0   1  1  0  1  2  0/0    20:35   2:08   1:13 
Craig Adams              1  0  1   0  0   1  3  1  1  0  0/0    11:22   0:00   1:25 
Denis Grebeshkov         0  0  0  -2  0   2  1  1  2  1  0/0    20:05   2:08   0:43 
Drew Miller              0  0  0   0  0   4  0  2  0  1  1/1    15:08   0:00   2:13 
Frans Nielsen            0  0  0  -1  0   3  1  1  0  1  3/12   17:13   2:21   1:35 
Jamal Mayers             0  0  0  -1  2   2  2  0  0  0  0/0    15:31   2:21   0:00 
Jay Bouwmeester          0  0  0  -1  2   2  2  1  0  1  0/0    26:37   3:49   1:26 
Kurt Sauer               0  0  0  -1  0   0  0  1  0  1  0/0    14:51   0:00   2:45 
Lukas Krajicek           0  0  0  -1  0   1  0  2  0  0  0/0    12:05   0:00   0:36 
Marian Gaborik           0  0  0  -2  2   8  1  4  2  0  3/4    22:01   3:36   0:00 
Maxim Lapierre           0  0  0   0  0   1  1  0  0  0  2/6     9:55   0:00   0:00 
Pavel Brendl             0  0  0  -1  0   1  0  0  0  0  0/0     8:14   0:00   0:00 
Riley Cote               0  0  0  -1  0   1  1  2  0  0  0/0     8:14   0:00   0:00 
Sergei Samsonov          0  1  1   0  0   0  0  0  1  0  0/0    12:05   2:21   0:00 
Tim Connolly             0  0  0  -2  0   1  1  1  1  0  13/32  22:01   3:36   0:00 
Tom Poti                 0  0  0  -1  0   0  1  2  1  0  0/0    25:47   3:49   1:13 

Players Stats for Sabres

Player Name              G  A  P  +/- PIM S  H  SB GA TA FO     MP     PP MP  PK MP  
------------------------------------------------------------------------------------
Andreas Johansson        1  1  2   2  5   2  1  0  1  0  0/0    16:18   1:43   1:46 
Boyd Devereaux           0  0  0   0  2   1  2  0  0  0  3/6    10:31   0:00   2:16 
Brendan Morrison         1  0  1   2  0   6  3  0  0  1  14/22  17:54   2:15   1:44 
Daniel Cleary            0  0  0   0  0   0  2  0  0  0  0/0    12:00   0:00   0:35 
Dave Tanabe              0  1  1   2  0   0  0  0  0  0  0/0    16:17   1:14   0:00 
Drew Fata                0  1  1   2  0   1  1  0  0  1  0/0    17:28   0:00   3:07 
Ethan Moreau             0  0  0   0  0   0  0  0  0  0  0/0     8:07   0:00   0:22 
Greg Campbell            0  1  1   0  0   1  1  1  0  0  3/5    11:26   0:00   0:46 
Jason Ward               0  0  0   0  0   2  0  0  0  1  1/2    10:56   0:00   2:00 
Markus Naslund           1  0  1   2  2   2  1  1  1  0  1/1    22:18   2:15   2:25 
Martin Sonnenberg        1  0  1   0  0   3  0  0  0  0  0/0    11:08   0:00   0:00 
Mats Sundin              1  0  1   2  0   3  2  0  0  0  11/23  19:21   1:43   0:00 
Mattias Timander         0  1  1   2  2   1  1  1  0  0  0/0    19:11   2:44   0:00 
Michal Rozsival          0  1  1   2  0   4  1  0  2  0  0/0    22:02   2:44   2:50 
Niclas Bergfors          0  1  1   2  0   3  2  0  1  0  0/1    15:15   2:15   0:00 
Ole-Kristian Tollefsen   0  1  1   0  0   1  2  4  0  3  0/0    20:52   0:00   3:07 
Pavol Demitra            0  1  1   1  2   5  5  2  1  2  3/4    18:15   1:43   0:00 
Sami Salo                0  0  0   0  0   0  0  2  2  2  0/0    22:40   1:14   2:50 

3 Stars

1 - Scott Clemmensen (Buf)
2 - Brendan Morrison (Buf)
3 - Mats Sundin (Buf)

Power Play

Coyotes - 0 on 3 Attempt(s) - 0,00%
Sabres - 0 on 2 Attempt(s) - 0,00%

Penalty Kill

Coyotes - 2 on 2 Attempt(s) - 100,00% - Score 0 goal in Penalty Kill
Sabres - 3 on 3 Attempt(s) - 100,00% - Score 0 goal in Penalty Kill

Official

Referees : Ciamaga Chris and Hebert Ghislain
Linesman : Tim Nowak and Brad Kovachik

Game Notes

Brenden Morrow beats up Andreas Johansson at 19:03 of 3rd period

Coyotes

5 vs 5 Forward 
   Center                   Left Wing                Right Wing               Time % Phy DF OF 
 1 Tim Connolly             Brenden Morrow           Marian Gaborik           40     1   2  2  
 2 Frans Nielsen            Drew Miller              Jamal Mayers             30     1   2  2  
 3 Maxim Lapierre           Sergei Samsonov          Craig Adams              20     1   2  2  
 4 Chad Larose              Riley Cote               Pavel Brendl             10     1   2  2  

5 vs 5 Defense 
   Defense                  Defense                                           Time % Phy DF OF 
 1 Jay Bouwmeester          Tom Poti                                          40     1   2  2  
 2 Christian Ehrhoff        Denis Grebeshkov                                  30     1   2  2  
 3 Lukas Krajicek           Kurt Sauer                                        20     1   2  2  
 4 Jay Bouwmeester          Tom Poti                                          10     1   2  2  

PowerPlay Forward 
   Center                   Left Wing                Right Wing               Time % Phy DF OF 
 1 Tim Connolly             Brenden Morrow           Marian Gaborik           60     1   2  2  
 2 Frans Nielsen            Sergei Samsonov          Jamal Mayers             40     1   2  2  

PowerPlay Defense
   Defense                  Defense                                           Time % Phy DF OF 
 1 Jay Bouwmeester          Tom Poti                                          60     1   2  2  
 2 Christian Ehrhoff        Denis Grebeshkov                                  40     1   2  2  

Penalty Kill 4 Players Forward 
   Center                   Wing                     Time % Phy DF OF 
 1 Chad Larose              Drew Miller              60     1   2  2  
 2 Frans Nielsen            Craig Adams              40     1   2  2  

Penalty Kill 4 Players Defense
   Defense                  Defense                  Time % Phy DF OF 
 1 Jay Bouwmeester          Kurt Sauer               60     1   2  2  
 2 Christian Ehrhoff        Tom Poti                 40     1   2  2  

Penalty Kill - 3 Players Forward 
   Forward                                           Time % Phy DF OF 
 1 Drew Miller                                       60     1   2  2  
 2 Chad Larose                                       40     1   2  2  

Penalty Kill - 3 Players Defense
   Defense                  Defense                  Time % Phy DF OF 
 1 Jay Bouwmeester          Kurt Sauer               60     1   2  2  
 2 Christian Ehrhoff        Tom Poti                 40     1   2  2  

4 vs 4 Forward 
   Center                   Wing                     Time % Phy DF OF 
 1 Tim Connolly             Marian Gaborik           60     1   2  2  
 2 Frans Nielsen            Brenden Morrow           40     1   2  2  

4 vs 4 Defense
   Defense                  Defense                  Time % Phy DF OF 
 1 Jay Bouwmeester          Tom Poti                 60     1   2  2  
 2 Christian Ehrhoff        Denis Grebeshkov         40     1   2  2  

Last Minutes Offensive
   Center                   Left Wing                Right Wing               Defense                  Defense                  
   Tim Connolly             Brenden Morrow           Marian Gaborik           Jay Bouwmeester          Tom Poti                 

Last Minutes Defensive
   Center                   Left Wing                Right Wing               Defense                  Defense                  
   Tim Connolly             Brenden Morrow           Marian Gaborik           Jay Bouwmeester          Tom Poti                 

Goaltenders
Starting : Jean-Sébastien Giguère   
Backup : Peter Budaj              

Extra Forwards
Normal : Chad Larose, Drew Miller, Craig Adams - PP : Chad Larose, Drew Miller - PK : Craig Adams
Extra Defensemen
Normal : Lukas Krajicek, Kurt Sauer, Denis Grebeshkov - PP : Lukas Krajicek - PK : Denis Grebeshkov, Lukas Krajicek
Penalty Shots
Marian Gaborik, Sergei Samsonov, Jay Bouwmeester, Brenden Morrow, Frans Nielsen

Sabres

5 vs 5 Forward 
   Center                   Left Wing                Right Wing               Time % Phy DF OF 
 1 Mats Sundin              Markus Naslund           Pavol Demitra            35     1   2  2  
 2 Brendan Morrison         Andreas Johansson        Niclas Bergfors          30     0   3  2  
 3 Greg Campbell            Martin Sonnenberg        Daniel Cleary            20     2   2  1  
 4 Boyd Devereaux           Ethan Moreau             Jason Ward               15     0   4  1  

5 vs 5 Defense 
   Defense                  Defense                                           Time % Phy DF OF 
 1 Michal Rozsival          Mattias Timander                                  36     1   3  1  
 2 Ole-Kristian Tollefsen   Sami Salo                                         34     2   2  1  
 3 Dave Tanabe              Drew Fata                                         30     0   4  1  
 4 Dave Tanabe              Drew Fata                                         0      0   5  0  

PowerPlay Forward 
   Center                   Left Wing                Right Wing               Time % Phy DF OF 
 1 Brendan Morrison         Markus Naslund           Niclas Bergfors          60     1   2  2  
 2 Mats Sundin              Andreas Johansson        Pavol Demitra            40     1   2  2  

PowerPlay Defense
   Defense                  Defense                                           Time % Phy DF OF 
 1 Michal Rozsival          Mattias Timander                                  60     0   2  3  
 2 Dave Tanabe              Sami Salo                                         40     0   2  3  

Penalty Kill 4 Players Forward 
   Center                   Wing                     Time % Phy DF OF 
 1 Boyd Devereaux           Markus Naslund           60     0   4  1  
 2 Greg Campbell            Daniel Cleary            40     1   4  0  

Penalty Kill 4 Players Defense
   Defense                  Defense                  Time % Phy DF OF 
 1 Ole-Kristian Tollefsen   Drew Fata                60     1   4  0  
 2 Michal Rozsival          Sami Salo                40     1   3  1  

Penalty Kill - 3 Players Forward 
   Forward                                           Time % Phy DF OF 
 1 Boyd Devereaux                                    60     0   5  0  
 2 Greg Campbell                                     40     0   5  0  

Penalty Kill - 3 Players Defense
   Defense                  Defense                  Time % Phy DF OF 
 1 Dave Tanabe              Drew Fata                60     0   5  0  
 2 Michal Rozsival          Sami Salo                40     1   4  0  

4 vs 4 Forward 
   Center                   Wing                     Time % Phy DF OF 
 1 Brendan Morrison         Pavol Demitra            50     1   3  1  
 2 Mats Sundin              Markus Naslund           50     1   2  2  

4 vs 4 Defense
   Defense                  Defense                  Time % Phy DF OF 
 1 Ole-Kristian Tollefsen   Sami Salo                60     1   4  0  
 2 Dave Tanabe              Drew Fata                40     0   5  0  

Last Minutes Offensive
   Center                   Left Wing                Right Wing               Defense                  Defense                  
   Brendan Morrison         Markus Naslund           Mats Sundin              Michal Rozsival          Sami Salo                

Last Minutes Defensive
   Center                   Left Wing                Right Wing               Defense                  Defense                  
   Boyd Devereaux           Markus Naslund           Daniel Cleary            Ole-Kristian Tollefsen   Drew Fata                

Goaltenders
Starting : Scott Clemmensen         
Backup : Niklas Backstrom         

Extra Forwards
Normal : Jason Ward, Martin Sonnenberg, Andreas Johansson - PP : Martin Sonnenberg, Daniel Cleary - PK : Jason Ward
Extra Defensemen
Normal : Mattias Timander, Michal Rozsival, Ole-Kristian Tollefsen - PP : Ole-Kristian Tollefsen - PK : Mattias Timander, Dave Tanabe
Penalty Shots
Mats Sundin, Markus Naslund, Pavol Demitra, Niclas Bergfors, Brendan Morrison

% Time on Ice - Coyotes

Lines # - Real PCT - Wanted PCT - Time Play
Normal Forward
1 - 35% - 40% - 16:45
2 - 27% - 30% - 13:12
3 - 21% - 20% - 9:55
4 - 17% - 10% - 8:14
Normal Defense
1 - 39% - 40% - 18:44
2 - 34% - 30% - 16:34
3 - 24% - 20% - 11:28
4 - 3% - 10% - 1:20
PP Forward
1 - 61% - 60% - 3:36
2 - 39% - 40% - 2:21
PP Defense
1 - 64% - 60% - 3:49
2 - 36% - 40% - 2:08
PK Forward
1 - 71% - 60% - 2:49
2 - 29% - 40% - 1:09
PK Defense
1 - 69% - 60% - 2:45
2 - 31% - 40% - 1:13
PK3 Forward
1 - 0% - 60%
2 - 0% - 40%
PK3 Defense
1 - 0% - 60%
2 - 0% - 40%
44 Forward
1 - 96% - 60% - 1:54
2 - 4% - 40% - 0:05
44 Defense
1 - 66% - 60% - 1:19
2 - 34% - 40% - 0:40
Last Minute Offensive  - 0:00
Last Minute Defensive  - 0:00
Total
Forward - 60:00
Defense - 60:00

% Time on Ice - Sabres

Lines # - Real PCT - Wanted PCT - Time Play
Normal Forward
1 - 34% - 35% - 16:15
2 - 28% - 30% - 13:29
3 - 22% - 20% - 10:39
4 - 16% - 15% - 7:43
Normal Defense
1 - 36% - 36% - 17:33
2 - 35% - 34% - 16:41
3 - 29% - 30% - 13:52
4 - 0% - 0% - 0:00
PP Forward
1 - 57% - 60% - 2:15
2 - 43% - 40% - 1:43
PP Defense
1 - 69% - 60% - 2:44
2 - 31% - 40% - 1:14
PK Forward
1 - 90% - 60% - 5:22
2 - 10% - 40% - 0:35
PK Defense
1 - 52% - 60% - 3:07
2 - 48% - 40% - 2:50
PK3 Forward
1 - 0% - 60%
2 - 0% - 40%
PK3 Defense
1 - 0% - 60%
2 - 0% - 40%
44 Forward
1 - 45% - 50% - 0:54
2 - 55% - 50% - 1:05
44 Defense
1 - 90% - 60% - 1:47
2 - 10% - 40% - 0:12
Last Minute Offensive  - 0:00
Last Minute Defensive  - 0:00
Total
Forward - 60:00
Defense - 60:00

Play by Play

1st period


0:01 of 1st period - Mats Sundin wins face-off versus Tim Connolly in neutral zone.
0:12 of 1st period - Wrist shot by Marian Gaborik.
0:12 of 1st period - Stopped by Scott Clemmensen without a rebound.
0:13 of 1st period - Brendan Morrison wins face-off versus Frans Nielsen in Sabres zone.
0:40 of 1st period - Ole-Kristian Tollefsen is hit by Maxim Lapierre and loses puck.
0:49 of 1st period - Snap shot by Greg Campbell.
0:49 of 1st period - Stopped by Jean-Sébastien Giguère without a rebound.
0:50 of 1st period - Boyd Devereaux wins face-off versus Tim Connolly in Coyotes zone.
1:15 of 1st period - Dave Tanabe is hit by Chad Larose.
1:23 of 1st period - Slapshot by Pavol Demitra.
1:23 of 1st period - Stopped by Jean-Sébastien Giguère with a rebound.
1:25 of 1st period - Backhand shot by Pavol Demitra.
1:25 of 1st period - Shot Blocked by Riley Cote.
1:32 of 1st period - Icing by Riley Cote.
1:33 of 1st period - Brendan Morrison wins face-off versus Chad Larose in Coyotes zone.
1:44 of 1st period - Wrist shot by Daniel Cleary.
1:44 of 1st period - Shot Misses the Net.
2:40 of 1st period - Snap shot by Boyd Devereaux.
2:40 of 1st period - Stopped by Jean-Sébastien Giguère with a rebound.
2:59 of 1st period - Wrist shot by Sergei Samsonov.
2:59 of 1st period - Shot Misses the Net.
3:01 of 1st period - Slapshot by Denis Grebeshkov.
3:01 of 1st period - Stopped by Scott Clemmensen with a rebound.
3:05 of 1st period - Wrist shot by Maxim Lapierre.
3:05 of 1st period - Stopped by Scott Clemmensen with a rebound.
3:07 of 1st period - Slapshot by Denis Grebeshkov.
3:07 of 1st period - Shot Misses the Net.
3:56 of 1st period - Sami Salo is hit by Craig Adams and loses puck.
4:03 of 1st period - Slapshot by Ole-Kristian Tollefsen.
4:03 of 1st period - Shot Blocked by Craig Adams.
4:08 of 1st period - Icing by Sergei Samsonov.
4:09 of 1st period - Mats Sundin wins face-off versus Maxim Lapierre in Coyotes zone.
5:04 of 1st period - Slapshot by Brendan Morrison.
5:04 of 1st period - Stopped by Jean-Sébastien Giguère without a rebound.
5:05 of 1st period - Tim Connolly wins face-off versus Mats Sundin in Coyotes zone.
5:18 of 1st period - Snap shot by Brenden Morrow.
5:18 of 1st period - Stopped by Scott Clemmensen without a rebound.
5:19 of 1st period - Frans Nielsen wins face-off versus Greg Campbell in Sabres zone.
5:28 of 1st period - Snap shot by Jamal Mayers.
5:28 of 1st period - Deflect By Drew Miller.
5:28 of 1st period - Stopped by Scott Clemmensen with a rebound.
5:30 of 1st period - Snap shot by Frans Nielsen.
5:30 of 1st period - Stopped by Scott Clemmensen without a rebound.
5:31 of 1st period - Mats Sundin wins face-off versus Tim Connolly in Sabres zone.
5:31 of 1st period - Mats Sundin is hit by Marian Gaborik.
5:37 of 1st period - Tim Connolly is hit by Mats Sundin and loses puck.
5:45 of 1st period - Minor Penalty to Marian Gaborik for Slashing.
5:46 of 1st period - Chad Larose wins face-off versus Brendan Morrison in Coyotes zone.
5:57 of 1st period - Snap shot by Brendan Morrison.
5:57 of 1st period - Shot Blocked by Kurt Sauer.
5:59 of 1st period - Slapshot by Michal Rozsival.
5:59 of 1st period - Stopped by Jean-Sébastien Giguère with a rebound.
6:01 of 1st period - Slapshot by Mattias Timander.
6:01 of 1st period - Deflect By Niclas Bergfors.
6:01 of 1st period - Shot Misses the Net.
6:01 of 1st period - Puck is out of play.
6:02 of 1st period - Chad Larose wins face-off versus Brendan Morrison in Coyotes zone.
6:26 of 1st period - Mattias Timander is hit by Frans Nielsen and loses puck.
7:24 of 1st period - Icing by Michal Rozsival.
7:25 of 1st period - Mats Sundin wins face-off versus Frans Nielsen in Sabres zone.
7:32 of 1st period - Jay Bouwmeester is hit by Pavol Demitra and loses puck.
7:45 of 1st period - Penalty to Marian Gaborik is over, Marian Gaborik is back on ice.
8:10 of 1st period - Jay Bouwmeester is hit by Greg Campbell and loses puck.
8:21 of 1st period - Wrist shot by Tim Connolly.
8:21 of 1st period - Stopped by Scott Clemmensen without a rebound.
8:22 of 1st period - Mats Sundin wins face-off versus Frans Nielsen in Sabres zone.
8:37 of 1st period - Snap shot by Frans Nielsen.
8:37 of 1st period - Stopped by Scott Clemmensen without a rebound.
8:38 of 1st period - Maxim Lapierre wins face-off versus Brendan Morrison in Sabres zone.
9:10 of 1st period - Frans Nielsen is hit by Pavol Demitra and loses puck.
9:26 of 1st period - Off-side.
9:27 of 1st period - Boyd Devereaux wins face-off versus Tim Connolly in neutral zone.
9:44 of 1st period - Snap shot by Marian Gaborik.
9:44 of 1st period - Stopped by Scott Clemmensen without a rebound.
9:45 of 1st period - Brendan Morrison wins face-off versus Frans Nielsen in Sabres zone.
9:50 of 1st period - Wrist shot by Niclas Bergfors.
9:50 of 1st period - Shot Misses the Net.
10:29 of 1st period - Snap shot by Jamal Mayers.
10:29 of 1st period - Stopped by Scott Clemmensen with a rebound.
10:42 of 1st period - Off-side.
10:43 of 1st period - Tim Connolly wins face-off versus Pavol Demitra in neutral zone.
11:13 of 1st period - Kurt Sauer is hit by Mattias Timander and loses puck.
11:30 of 1st period - Pavel Brendl is hit by Michal Rozsival and loses puck.
11:35 of 1st period - Wrist shot by Jason Ward.
11:35 of 1st period - Stopped by Jean-Sébastien Giguère without a rebound.
11:36 of 1st period - Brenden Morrow wins face-off versus Mats Sundin in Coyotes zone.
12:01 of 1st period - Maxim Lapierre is hit by Niclas Bergfors and loses puck.
12:08 of 1st period - Snap shot by Niclas Bergfors.
12:08 of 1st period - Shot Blocked by Tom Poti.
12:12 of 1st period - Snap shot by Niclas Bergfors.
12:12 of 1st period - Shot Misses the Net.
13:46 of 1st period - Slapshot by Jason Ward.
13:46 of 1st period - Shot Blocked by Drew Miller.
13:48 of 1st period - Slapshot by Sami Salo.
13:48 of 1st period - Shot Misses the Net.
13:54 of 1st period - Snap shot by Boyd Devereaux.
13:54 of 1st period - Shot Blocked by Lukas Krajicek.
14:40 of 1st period - Tom Poti is hit by Brendan Morrison and loses puck.
15:39 of 1st period - Tim Connolly is hit by Mats Sundin and loses puck.
15:54 of 1st period - Denis Grebeshkov is hit by Andreas Johansson and loses puck.
15:59 of 1st period - Slapshot by Brendan Morrison.
15:59 of 1st period - Stopped by Jean-Sébastien Giguère with a rebound.
16:01 of 1st period - Wrist shot by Mattias Timander.
16:01 of 1st period - Stopped by Jean-Sébastien Giguère with a rebound.
16:03 of 1st period - Wrist shot by Niclas Bergfors.
16:03 of 1st period - Stopped by Jean-Sébastien Giguère without a rebound.
16:04 of 1st period - Mats Sundin wins face-off versus Tim Connolly in Coyotes zone.
17:41 of 1st period - Wrist shot by Andreas Johansson.
17:41 of 1st period - Deflect By Brendan Morrison.
17:41 of 1st period - Stopped by Jean-Sébastien Giguère with a rebound.
17:57 of 1st period - Michal Rozsival is hit by Jamal Mayers.
18:49 of 1st period - Riley Cote is hit by Pavol Demitra and loses puck.
19:02 of 1st period - Slapshot by Jay Bouwmeester.
19:02 of 1st period - Stopped by Scott Clemmensen without a rebound.
19:03 of 1st period - Greg Campbell wins face-off versus Tim Connolly in Sabres zone.
19:19 of 1st period - Off-side.
19:20 of 1st period - Pavol Demitra wins face-off versus Frans Nielsen in neutral zone.
19:25 of 1st period - Snap shot by Markus Naslund.
19:25 of 1st period - Shot Blocked by Tom Poti.
19:57 of 1st period - Snap shot by Brendan Morrison.
19:57 of 1st period - Stopped by Jean-Sébastien Giguère without a rebound.
19:58 of 1st period - Brendan Morrison wins face-off versus Maxim Lapierre in Coyotes zone.

2nd period


0:01 of 2nd period - Tim Connolly wins face-off versus Mats Sundin in neutral zone.
0:31 of 2nd period - Wrist shot by Drew Miller.
0:31 of 2nd period - Stopped by Scott Clemmensen without a rebound.
0:32 of 2nd period - Drew Miller wins face-off versus Brendan Morrison in Sabres zone.
0:37 of 2nd period - Wrist shot by Drew Miller.
0:37 of 2nd period - Shot Misses the Net.
0:39 of 2nd period - Snap shot by Jamal Mayers.
0:39 of 2nd period - Shot Blocked by Mattias Timander.
0:41 of 2nd period - Slapshot by Denis Grebeshkov.
0:41 of 2nd period - Stopped by Scott Clemmensen with a rebound.
0:43 of 2nd period - Slapshot by Christian Ehrhoff.
0:43 of 2nd period - Stopped by Scott Clemmensen without a rebound.
0:44 of 2nd period - Markus Naslund wins face-off versus Tim Connolly in Sabres zone.
0:44 of 2nd period - Markus Naslund is hit by Jay Bouwmeester.
1:44 of 2nd period - Daniel Cleary is hit by Christian Ehrhoff and loses puck.
2:22 of 2nd period - Snap shot by Marian Gaborik.
2:22 of 2nd period - Stopped by Scott Clemmensen without a rebound.
2:23 of 2nd period - Pavol Demitra wins face-off versus Tim Connolly in Sabres zone.
2:36 of 2nd period - Snap shot by Marian Gaborik.
2:36 of 2nd period - Stopped by Scott Clemmensen without a rebound.
2:37 of 2nd period - Brendan Morrison wins face-off versus Marian Gaborik in Sabres zone.
4:09 of 2nd period - Denis Grebeshkov is hit by Daniel Cleary.
4:13 of 2nd period - Ole-Kristian Tollefsen is hit by Tim Connolly and loses puck.
4:36 of 2nd period - Snap shot by Pavol Demitra.
4:36 of 2nd period - Stopped by Jean-Sébastien Giguère with a rebound.
4:52 of 2nd period - Minor Penalty to Boyd Devereaux for Hooking.
4:53 of 2nd period - Jason Ward wins face-off versus Tim Connolly in Sabres zone.
5:08 of 2nd period - Snap shot by Brenden Morrow.
5:08 of 2nd period - Deflect By Markus Naslund.
5:08 of 2nd period - Shot Misses the Net.
5:08 of 2nd period - Puck is out of play.
5:09 of 2nd period - Marian Gaborik wins face-off versus Jason Ward in Sabres zone.
5:34 of 2nd period - Frans Nielsen is hit by Brendan Morrison.
6:52 of 2nd period - Penalty to Boyd Devereaux is over, Boyd Devereaux is back on ice.
7:02 of 2nd period - Michal Rozsival is hit by Chad Larose and loses puck.
8:15 of 2nd period - Brenden Morrow is hit by Boyd Devereaux.
8:48 of 2nd period - Dave Tanabe is hit by Riley Cote and loses puck.
9:09 of 2nd period - Snap shot by Pavol Demitra.
9:09 of 2nd period - Stopped by Jean-Sébastien Giguère without a rebound.
9:10 of 2nd period - Tim Connolly wins face-off versus Mats Sundin in Coyotes zone.
9:10 of 2nd period - Tim Connolly is hit by Markus Naslund.
9:31 of 2nd period - Off-side.
9:32 of 2nd period - Chad Larose wins face-off versus Brendan Morrison in neutral zone.
9:40 of 2nd period - Brendan Morrison is hit by Tom Poti and loses puck.
10:20 of 2nd period - Snap shot by Markus Naslund.
10:20 of 2nd period - Shot Misses the Net.
10:22 of 2nd period - Snap shot by Michal Rozsival.
10:22 of 2nd period - Stopped by Jean-Sébastien Giguère with a rebound.
10:24 of 2nd period - Snap shot by Pavol Demitra.
10:24 of 2nd period - Shot Misses the Net.
10:26 of 2nd period - Snap shot by Mats Sundin.
10:26 of 2nd period - Stopped by Jean-Sébastien Giguère without a rebound.
10:27 of 2nd period - Brendan Morrison wins face-off versus Tim Connolly in Coyotes zone.
10:36 of 2nd period - Snap shot by Andreas Johansson.
10:36 of 2nd period - Stopped by Jean-Sébastien Giguère with a rebound.
10:38 of 2nd period - Snap shot by Brendan Morrison.
10:38 of 2nd period - Shot Misses the Net.
10:40 of 2nd period - Snap shot by Brendan Morrison.
10:40 of 2nd period - Shot Blocked by Marian Gaborik.
11:17 of 2nd period - Snap shot by Sergei Samsonov.
11:17 of 2nd period - Shot Blocked by Sami Salo.
11:19 of 2nd period - Slapshot by Christian Ehrhoff.
11:19 of 2nd period - Deflect By Craig Adams.
11:19 of 2nd period - Goal by Craig Adams - Coyotes : 1 - Sabres : 0.
11:20 of 2nd period - Marian Gaborik wins face-off versus Mats Sundin in neutral zone.
11:35 of 2nd period - Wrist shot by Marian Gaborik.
11:35 of 2nd period - Shot Blocked by Markus Naslund.
11:46 of 2nd period - Minor Penalty to Jay Bouwmeester for Tripping.
11:47 of 2nd period - Brendan Morrison wins face-off versus Chad Larose in Coyotes zone.
11:50 of 2nd period - Snap shot by Markus Naslund.
11:50 of 2nd period - Shot Misses the Net.
13:46 of 2nd period - Penalty to Jay Bouwmeester is over, Jay Bouwmeester is back on ice.
14:16 of 2nd period - Icing by Greg Campbell.
14:17 of 2nd period - Chad Larose wins face-off versus Boyd Devereaux in Sabres zone.
14:49 of 2nd period - Christian Ehrhoff is hit by Daniel Cleary and loses puck.
15:25 of 2nd period - Lukas Krajicek is hit by Niclas Bergfors and loses puck.
15:52 of 2nd period - Snap shot by Maxim Lapierre.
15:52 of 2nd period - Shot Blocked by Ole-Kristian Tollefsen.
15:54 of 2nd period - Wrist shot by Sergei Samsonov.
15:54 of 2nd period - Shot Misses the Net.
15:56 of 2nd period - Slapshot by Jay Bouwmeester.
15:56 of 2nd period - Shot Misses the Net.
16:10 of 2nd period - Wrist shot by Pavel Brendl.
16:10 of 2nd period - Stopped by Scott Clemmensen without a rebound.
16:11 of 2nd period - Mats Sundin wins face-off versus Chad Larose in Sabres zone.
17:06 of 2nd period - Wrist shot by Jason Ward.
17:06 of 2nd period - Shot Misses the Net.
17:08 of 2nd period - Slapshot by Michal Rozsival.
17:08 of 2nd period - Shot Blocked by Drew Miller.
17:19 of 2nd period - Snap shot by Maxim Lapierre.
17:19 of 2nd period - Shot Blocked by Pavol Demitra.
17:31 of 2nd period - Slapshot by Sergei Samsonov.
17:31 of 2nd period - Shot Blocked by Ole-Kristian Tollefsen.
17:45 of 2nd period - Wrist shot by Marian Gaborik.
17:45 of 2nd period - Stopped by Scott Clemmensen without a rebound.
17:46 of 2nd period - Brendan Morrison wins face-off versus Tim Connolly in Sabres zone.
17:56 of 2nd period - Slapshot by Brendan Morrison.
17:56 of 2nd period - Goal by Brendan Morrison - Coyotes : 1 - Sabres : 1.
17:57 of 2nd period - Tim Connolly wins face-off versus Mats Sundin in neutral zone.
18:00 of 2nd period - Snap shot by Brenden Morrow.
18:00 of 2nd period - Shot Misses the Net.
18:06 of 2nd period - Snap shot by Mats Sundin.
18:06 of 2nd period - Stopped by Jean-Sébastien Giguère without a rebound.
18:07 of 2nd period - Tim Connolly wins face-off versus Mats Sundin in Coyotes zone.
18:13 of 2nd period - Off-side.
18:14 of 2nd period - Brendan Morrison wins face-off versus Tim Connolly in neutral zone.
18:26 of 2nd period - Icing by Sami Salo.
18:27 of 2nd period - Brendan Morrison wins face-off versus Tim Connolly in Sabres zone.
19:21 of 2nd period - Snap shot by Michal Rozsival.
19:21 of 2nd period - Shot Blocked by Jay Bouwmeester.
19:27 of 2nd period - Snap shot by Martin Sonnenberg.
19:27 of 2nd period - Stopped by Jean-Sébastien Giguère with a rebound.
19:29 of 2nd period - Slapshot by Martin Sonnenberg.
19:29 of 2nd period - Goal by Martin Sonnenberg - Coyotes : 1 - Sabres : 2.
19:30 of 2nd period - Pavol Demitra wins face-off versus Tim Connolly in neutral zone.
19:30 of 2nd period - Markus Naslund is hit by Denis Grebeshkov and loses puck.
19:44 of 2nd period - Minor Penalty to Mattias Timander for Hooking.
19:45 of 2nd period - Tim Connolly wins face-off versus Boyd Devereaux in Sabres zone.

3rd period


0:01 of 3rd period - Boyd Devereaux wins face-off versus Tim Connolly in neutral zone.
0:04 of 3rd period - Jay Bouwmeester is hit by Boyd Devereaux and loses puck.
0:09 of 3rd period - Wrist shot by Markus Naslund.
0:09 of 3rd period - Shot Blocked by Brenden Morrow.
0:25 of 3rd period - Boyd Devereaux is hit by Jamal Mayers and loses puck.
1:28 of 3rd period - Slapshot by Sami Salo.
1:28 of 3rd period - Shot Misses the Net.
1:42 of 3rd period - Snap shot by Andreas Johansson.
1:42 of 3rd period - Shot Misses the Net.
1:44 of 3rd period - Penalty to Mattias Timander is over, Mattias Timander is back on ice.
2:00 of 3rd period - Slapshot by Niclas Bergfors.
2:00 of 3rd period - Deflect By Pavel Brendl.
2:00 of 3rd period - Shot Blocked by Lukas Krajicek.
2:00 of 3rd period - Puck is out of play.
2:01 of 3rd period - Chad Larose wins face-off versus Brendan Morrison in Coyotes zone.
2:08 of 3rd period - Wrist shot by Niclas Bergfors.
2:08 of 3rd period - Stopped by Jean-Sébastien Giguère with a rebound.
2:10 of 3rd period - Slapshot by Michal Rozsival.
2:10 of 3rd period - Stopped by Jean-Sébastien Giguère with a rebound.
2:12 of 3rd period - Wrist shot by Andreas Johansson.
2:12 of 3rd period - Goal by Andreas Johansson - Coyotes : 1 - Sabres : 3.
2:13 of 3rd period - Mats Sundin wins face-off versus Frans Nielsen in neutral zone.
2:26 of 3rd period - Wrist shot by Drew Miller.
2:26 of 3rd period - Stopped by Scott Clemmensen with a rebound.
2:28 of 3rd period - Wrist shot by Jamal Mayers.
2:28 of 3rd period - Shot Blocked by Pavol Demitra.
2:38 of 3rd period - Brenden Morrow is hit by Brendan Morrison and loses puck.
3:21 of 3rd period - Craig Adams is hit by Ole-Kristian Tollefsen and loses puck.
3:46 of 3rd period - Wrist shot by Pavol Demitra.
3:46 of 3rd period - Shot Blocked by Marian Gaborik.
3:48 of 3rd period - Snap shot by Pavol Demitra.
3:48 of 3rd period - Stopped by Jean-Sébastien Giguère with a rebound.
3:50 of 3rd period - Slapshot by Markus Naslund.
3:50 of 3rd period - Shot Misses the Net.
3:55 of 3rd period - Icing by Lukas Krajicek.
3:56 of 3rd period - Tim Connolly wins face-off versus Niclas Bergfors in Coyotes zone.
4:09 of 3rd period - Snap shot by Niclas Bergfors.
4:09 of 3rd period - Shot Blocked by Tim Connolly.
4:21 of 3rd period - Wrist shot by Marian Gaborik.
4:21 of 3rd period - Stopped by Scott Clemmensen with a rebound.
4:23 of 3rd period - Slapshot by Lukas Krajicek.
4:23 of 3rd period - Stopped by Scott Clemmensen without a rebound.
4:24 of 3rd period - Mats Sundin wins face-off versus Frans Nielsen in Sabres zone.
5:16 of 3rd period - Snap shot by Daniel Cleary.
5:16 of 3rd period - Shot Misses the Net.
5:18 of 3rd period - Slapshot by Ole-Kristian Tollefsen.
5:18 of 3rd period - Shot Blocked by Denis Grebeshkov.
5:20 of 3rd period - Wrist shot by Daniel Cleary.
5:20 of 3rd period - Shot Misses the Net.
5:22 of 3rd period - Slapshot by Sami Salo.
5:22 of 3rd period - Shot Blocked by Riley Cote.
5:57 of 3rd period - Off-side.
5:58 of 3rd period - Brendan Morrison wins face-off versus Frans Nielsen in neutral zone.
6:03 of 3rd period - Slapshot by Michal Rozsival.
6:03 of 3rd period - Stopped by Jean-Sébastien Giguère without a rebound.
6:04 of 3rd period - Frans Nielsen wins face-off versus Brendan Morrison in Coyotes zone.
6:09 of 3rd period - Snap shot by Brendan Morrison.
6:09 of 3rd period - Shot Blocked by Frans Nielsen.
6:11 of 3rd period - Wrist shot by Brendan Morrison.
6:11 of 3rd period - Shot Misses the Net.
6:13 of 3rd period - Wrist shot by Niclas Bergfors.
6:13 of 3rd period - Stopped by Jean-Sébastien Giguère with a rebound.
6:19 of 3rd period - Snap shot by Brendan Morrison.
6:19 of 3rd period - Stopped by Jean-Sébastien Giguère with a rebound.
6:34 of 3rd period - Off-side.
6:35 of 3rd period - Marian Gaborik wins face-off versus Mats Sundin in neutral zone.
6:50 of 3rd period - Brenden Morrow is hit by Pavol Demitra and loses puck.
6:57 of 3rd period - Snap shot by Marian Gaborik.
6:57 of 3rd period - Stopped by Scott Clemmensen without a rebound.
6:58 of 3rd period - Brendan Morrison wins face-off versus Frans Nielsen in Sabres zone.
7:47 of 3rd period - Snap shot by Marian Gaborik.
7:47 of 3rd period - Shot Misses the Net.
7:53 of 3rd period - Snap shot by Martin Sonnenberg.
7:53 of 3rd period - Shot Misses the Net.
8:16 of 3rd period - Slapshot by Jay Bouwmeester.
8:16 of 3rd period - Stopped by Scott Clemmensen with a rebound.
9:28 of 3rd period - Slapshot by Brendan Morrison.
9:28 of 3rd period - Shot Misses the Net.
9:30 of 3rd period - Backhand shot by Brendan Morrison.
9:30 of 3rd period - Shot Misses the Net.
9:40 of 3rd period - Craig Adams is hit by Ole-Kristian Tollefsen and loses puck.
10:30 of 3rd period - Snap shot by Martin Sonnenberg.
10:30 of 3rd period - Stopped by Jean-Sébastien Giguère with a rebound.
11:04 of 3rd period - Snap shot by Pavol Demitra.
11:04 of 3rd period - Stopped by Jean-Sébastien Giguère with a rebound.
11:06 of 3rd period - Slapshot by Dave Tanabe.
11:06 of 3rd period - Shot Misses the Net.
11:08 of 3rd period - Snap shot by Pavol Demitra.
11:08 of 3rd period - Shot Misses the Net.
11:10 of 3rd period - Slapshot by Drew Fata.
11:10 of 3rd period - Stopped by Jean-Sébastien Giguère without a rebound.
11:11 of 3rd period - Maxim Lapierre wins face-off versus Mats Sundin in Coyotes zone.
11:11 of 3rd period - Maxim Lapierre is hit by Pavol Demitra.
11:25 of 3rd period - Minor Penalty to Markus Naslund for Roughing.
11:26 of 3rd period - Tim Connolly wins face-off versus Boyd Devereaux in Sabres zone.
13:25 of 3rd period - Penalty to Markus Naslund is over, Markus Naslund is back on ice.
13:41 of 3rd period - Wrist shot by Riley Cote.
13:41 of 3rd period - Stopped by Scott Clemmensen with a rebound.
15:19 of 3rd period - Icing by Drew Miller.
15:20 of 3rd period - Frans Nielsen wins face-off versus Mats Sundin in Coyotes zone.
15:35 of 3rd period - Icing by Tim Connolly.
15:36 of 3rd period - Tim Connolly wins face-off versus Greg Campbell in Coyotes zone.
15:45 of 3rd period - Snap shot by Marian Gaborik.
15:45 of 3rd period - Deflect By Tim Connolly.
15:45 of 3rd period - Shot Blocked by Greg Campbell.
15:45 of 3rd period - Puck is out of play.
15:46 of 3rd period - Greg Campbell wins face-off versus Maxim Lapierre in Sabres zone.
15:46 of 3rd period - Greg Campbell is hit by Craig Adams.
15:56 of 3rd period - Sami Salo is hit by Craig Adams and loses puck.
16:17 of 3rd period - Backhand shot by Sami Salo.
16:17 of 3rd period - Shot Blocked by Marian Gaborik.
16:34 of 3rd period - Minor Penalty to Pavol Demitra for Hooking.
16:34 of 3rd period - Minor Penalty to Jamal Mayers for Hooking.
16:35 of 3rd period - Brendan Morrison wins face-off versus Tim Connolly in Coyotes zone.
16:42 of 3rd period - Brendan Morrison is hit by Jay Bouwmeester and loses puck.
16:51 of 3rd period - Slapshot by Marian Gaborik.
16:51 of 3rd period - Shot Misses the Net.
17:21 of 3rd period - Snap shot by Drew Miller.
17:21 of 3rd period - Shot Blocked by Ole-Kristian Tollefsen.
17:23 of 3rd period - Slapshot by Chad Larose.
17:23 of 3rd period - Deflect By Drew Miller.
17:23 of 3rd period - Stopped by Scott Clemmensen without a rebound.
17:24 of 3rd period - Tim Connolly wins face-off versus Mats Sundin in Sabres zone.
17:35 of 3rd period - Wrist shot by Mats Sundin.
17:35 of 3rd period - Goal by Mats Sundin - Coyotes : 1 - Sabres : 4.
17:36 of 3rd period - Mats Sundin wins face-off versus Tim Connolly in neutral zone.
17:43 of 3rd period - Snap shot by Markus Naslund.
17:43 of 3rd period - Stopped by Jean-Sébastien Giguère without a rebound.
17:44 of 3rd period - Tim Connolly wins face-off versus Mats Sundin in Coyotes zone.
17:53 of 3rd period - Wrist shot by Marian Gaborik.
17:53 of 3rd period - Stopped by Scott Clemmensen without a rebound.
17:54 of 3rd period - Brendan Morrison wins face-off versus Tim Connolly in Sabres zone.
17:59 of 3rd period - Slapshot by Sami Salo.
17:59 of 3rd period - Shot Blocked by Marian Gaborik.
18:01 of 3rd period - Slapshot by Jason Ward.
18:01 of 3rd period - Stopped by Jean-Sébastien Giguère with a rebound.
18:07 of 3rd period - Wrist shot by Sami Salo.
18:07 of 3rd period - Shot Misses the Net.
18:09 of 3rd period - Slapshot by Ole-Kristian Tollefsen.
18:09 of 3rd period - Deflect By Marian Gaborik.
18:09 of 3rd period - Stopped by Jean-Sébastien Giguère with a rebound.
18:32 of 3rd period - Snap shot by Frans Nielsen.
18:32 of 3rd period - Shot Blocked by Ole-Kristian Tollefsen.
18:34 of 3rd period - Penalty to Pavol Demitra is over, Pavol Demitra is back on ice.
18:34 of 3rd period - Penalty to Jamal Mayers is over, Jamal Mayers is back on ice.
18:34 of 3rd period - Snap shot by Brenden Morrow.
18:34 of 3rd period - Shot Misses the Net.
18:36 of 3rd period - Slapshot by Brenden Morrow.
18:36 of 3rd period - Shot Blocked by Sami Salo.
18:38 of 3rd period - Snap shot by Frans Nielsen.
18:38 of 3rd period - Stopped by Scott Clemmensen with a rebound.
18:40 of 3rd period - Wrist shot by Brenden Morrow.
18:40 of 3rd period - Deflect By Jamal Mayers.
18:40 of 3rd period - Stopped by Scott Clemmensen with a rebound.
19:02 of 3rd period - Wrist shot by Markus Naslund.
19:02 of 3rd period - Goal by Markus Naslund - Coyotes : 1 - Sabres : 5.
19:03 of 3rd period - Tim Connolly wins face-off versus Brendan Morrison in neutral zone.
19:03 of 3rd period - Brenden Morrow beats up Andreas Johansson.
19:03 of 3rd period - Penalty to Andreas Johansson for Fighting.
19:03 of 3rd period - Penalty to Brenden Morrow for Fighting.
19:04 of 3rd period - Mats Sundin wins face-off versus Tim Connolly in neutral zone.
19:51 of 3rd period - Off-side.
19:52 of 3rd period - Greg Campbell wins face-off versus Maxim Lapierre in neutral zone.
19:55 of 3rd period - Sergei Samsonov is hit by Drew Fata and loses puck.


Output by the SimonT Hockey Simulator (STHS) for François Prévost -- Original Page W3C XHTML 1.0 Valid
Hockey Simulator - Hockey Simulation - Hockey Manager